[Event "ICC tourney 1944 (30 5)"]
[Site "Internet Chess Club"]
[Date "2020.08.01"]
[Round "2"]
[White "Aqualime"]
[Black "BunnyGambit"]
[Result "1-0"]
[ICCResult "Black resigns"]
[WhiteElo "1394"]
[BlackElo "1177"]
[Opening "Benkö gambit half accepted"]
[ECO "A57"]
[NIC "BI.45"]
[Time "13:32:39"]
[TimeControl "1800+5"]

1. d4 Nf6 2. c4 c5 3. d5 b5 4. cxb5 a6 5. b6 Qxb6 6. Nc3 g6 7. e4 d6 8. Be2
Bg7 9. Nf3 O-O 10. O-O Nbd7 11. Qc2 Ng4 12. Bf4 Nge5 13. Rab1 a5 14. Bb5 Ba6
15. Bxa6 Rxa6 16. Nd2 Rb8 17. b3 Qc7 18. Nd1 c4 19. Bxe5 Nxe5 20. f4 Qc5+
21. Kh1 Ng4 22. Nxc4 Rc8 23. Qe2 Nf6 24. Nf2 Nd7 25. Rbd1 Bd4 26. Nd3 Qa7
27. Ndb2 Bxb2 28. Nxb2 Rb6 29. Nc4 Rb4 30. Rb1 Qa6 31. Qg4 Nf6 32. Qf3 a4
33. Qe3 axb3 34. axb3 Ng4 35. Qe2 Nf6 36. h3 Nd7 37. Qf3 Nb6 38. Nxb6 Qxb6
39. f5 Rb8 40. fxg6 Rf8 41. gxf7+ Kh8 42. Qg3 Rxe4 43. Rf4 Qd4 44. Rxe4 Qxe4
45. Qc3+ Qe5 46. Qxe5+ dxe5 47. Rf1 Kg7 48. b4 Rb8 49. b5 Kf8 50. Rb1 Kxf7
51. Kg1 e4 52. Kf2 Kf6 53. b6 Ke5 54. Rb5 Kd6 55. Ke3 e6 56. dxe6 Kxe6 57.
Kxe4 Kd6 58. Kf5 Kc6 59. Rb2 Rxb6 60. Rxb6+ Kxb6 61. Kg5 Kc6 62. Kh6 Kd7 63.
g4 Ke7 64. Kxh7 Kf8 65. Kg6 Kg8 66. h4 Kh8 67. g5 Kg8 68. h5 Kh8 69. Kf5 Kg8
70. Kf6 Kh8 71. Kf5 Kg8 72. Kg6 Kh8 73. Kf7 Kh7 74. g6+ Kh6 75. g7 Kxh5 76.
g8=Q {Black resigns} 1-0

[Event "ICC tourney 1944 (30 5)"]
[Site "Internet Chess Club"]
[Date "2020.08.01"]
[Round "2"]
[White "shrey16ultimate"]
[Black "Reyvaj0075"]
[Result "1-0"]
[ICCResult "Black resigns"]
[WhiteElo "1552"]
[BlackElo "1506"]
[Opening "Dutch"]
[ECO "A80"]
[NIC "HD.12"]
[Time "13:31:58"]
[TimeControl "1800+5"]

1. d4 f5 2. Nf3 e6 3. Bf4 Nf6 4. e3 Be7 5. c4 d5 6. Nc3 O-O 7. Bd3 Bb4 8. a3
Bxc3+ 9. bxc3 c6 10. O-O dxc4 11. Bxc4 Nd5 12. Qb3 b5 13. Bxd5 exd5 14. a4
bxa4 15. Rxa4 Nd7 16. Rfa1 a6 17. R4a2 Nb6 18. Ne5 Bd7 19. Nxd7 Nxd7 20.
Rxa6 Rxa6 21. Rxa6 g5 22. Bd6 Rf6 23. Rxc6 Qa5 24. h3 g4 25. Rc8+ Kg7 26.
Qa3 Qb6 27. Bb4 gxh3 28. gxh3 Qe6 29. Qc1 Rh6 30. Kh2 Rg6 31. Qf1 Kh6 32.
Rc7 Rg5 33. Rb7 Nf6 34. Bc5 Qe4 35. Rb6 Rg6 36. Qh1 Qh4 37. Qf3 Qg5 38. Bf8+
Rg7 39. Bxg7+ Kxg7 40. Rb7+ Kg6 41. Qg3 Qxg3+ 42. fxg3 Ne4 43. Rc7 h5 44.
Kg2 Kf6 45. Rc6+ Ke7 46. c4 dxc4 47. Rxc4 Kd6 48. Ra4 Nd2 49. Ra5 Nc4 50.
Ra6+ Kd5 51. Kf3 Nd2+ 52. Ke2 Nc4 53. Rh6 Ke4 54. Rxh5 Nxe3 55. Rh4+ Kd5 56.
Kxe3 {Black resigns} 1-0

[Event "ICC tourney 1944 (30 5)"]
[Site "Internet Chess Club"]
[Date "2020.08.01"]
[Round "3"]
[White "UltimateDL"]
[Black "tortorchess"]
[Result "1-0"]
[ICCResult "Black resigns"]
[WhiteElo "1258"]
[BlackElo "1243"]
[Opening "Sicilian: Labourdonnais-Löwenthal (Kalashnikov) variation"]
[ECO "B32"]
[NIC "SI.32"]
[Time "15:06:46"]
[TimeControl "1800+5"]

1. e4 c5 2. Nf3 Nc6 3. d4 cxd4 4. Nxd4 e5 5. Nb5 d6 6. c4 a6 7. N5a3 Be6 8.
Nc3 Nf6 9. Bg5 Be7 10. Bxf6 Bxf6 11. Nc2 O-O 12. Be2 Qb6 13. b3 Nd4 14. Ne3
Qc7 15. O-O b5 16. Ncd5 Nxe2+ 17. Qxe2 Qe7 18. Nxe7+ Bxe7 19. Nd5 Bxd5 20.
cxd5 Bf6 21. Rac1 Rfd8 22. Rc6 h6 23. Rfc1 a5 24. Rb6 b4 25. Rcc6 Bg5 26.
Rxd6 Rdc8 27. Rdc6 Rd8 28. g3 f5 29. exf5 Rxd5 30. Qc4 Rd8 31. Rd6 Kh7 32.
Rxd5 Rxd5 33. Qxd5 Bf6 34. Rxf6 gxf6 35. Qf7+ Kh8 36. Qe7 e4 37. Kg2 e3 38.
fxe3 a4 39. Kh3 h5 40. Kh4 axb3 41. axb3 Kg8 42. Kxh5 Kh8 43. Kg6
{Black resigns}
1-0

[Event "ICC tourney 1944 (30 5)"]
[Site "Internet Chess Club"]
[Date "2020.08.01"]
[Round "3"]
[White "MonkeyTown"]
[Black "ChessStar22"]
[Result "1-0"]
[ICCResult "Black checkmated"]
[WhiteElo "1418"]
[BlackElo "1348"]
[Opening "Queen's pawn"]
[ECO "A40"]
[NIC "QO.17"]
[Time "15:06:46"]
[TimeControl "1800+5"]

1. d4 c6 2. Nf3 d5 3. e3 Bg4 4. h3 Bxf3 5. Qxf3 Nf6 6. c4 e6 7. Nc3 Bb4 8.
Bd2 c5 9. dxc5 Bxc5 10. cxd5 Nxd5 11. Bb5+ Nc6 12. O-O O-O 13. Rac1 Ne5 14.
Qh5 Nxc3 15. Bxc3 Nd7 16. Bxd7 Qxd7 17. Qxc5 Rfc8 18. Qg5 f6 19. Bxf6 Kh8
20. Bc3 Rc6 21. Rfd1 Qf7 22. Qe5 Rac8 23. Rd6 Qc7 24. Rxc6 bxc6 25. Qxe6 c5
26. Be5 Qd8 27. Bc3 c4 28. Qg4 Qf8 29. Bxg7+ Qxg7 30. Qxc8+ Qg8 31. Qxg8+
Kxg8 32. Rxc4 Kg7 33. Rc7+ Kf6 34. Rxa7 h5 35. Ra5 Kg6 36. Rd5 h4 37. a4 Kf6
38. a5 Ke6 39. Rd4 Ke5 40. a6 Ke6 41. a7 Ke5 42. a8=Q Ke6 43. Qa5 Kf6 44.
Rd6+ Ke7 45. Qc7+ Ke8 46. Rd8# {Black checkmated} 1-0

[Event "ICC tourney 1944 (30 5)"]
[Site "Internet Chess Club"]
[Date "2020.08.01"]
[Round "3"]
[White "Jeffchess"]
[Black "jvihaan"]
[Result "1-0"]
[ICCResult "Black checkmated"]
[WhiteElo "1425"]
[BlackElo "1293"]
[Opening "Réti opening"]
[ECO "A06"]
[NIC "QP.09"]
[Time "15:06:46"]
[TimeControl "1800+5"]

1. Nf3 d5 2. e3 Nf6 3. c4 e6 4. Nc3 Bb4 5. Qc2 Bxc3 6. Qxc3 Ne4 7. Qxg7 Qf6
8. Qxf6 Nxf6 9. cxd5 Nxd5 10. Bc4 Rg8 11. Bxd5 exd5 12. g3 Bg4 13. Nd4 c5
14. Nb3 Bf3 15. Rg1 Nd7 16. d4 c4 17. Nd2 Bg4 18. f3 Be6 19. g4 h5 20. g5 f6
21. h4 fxg5 22. hxg5 Nf6 23. Kf2 Nh7 24. g6 Nf8 25. g7 Nd7 26. Nf1 Kf7 27.
Ng3 h4 28. Nh5 Nf6 29. Rg5 Nxh5 30. Rxh5 h3 31. e4 dxe4 32. fxe4 Rxg7 33.
Bf4 Rf8 34. Ke3 Rg2 35. Rf1 Kg8 36. Rf3 Bg4 37. Rg5+ Kh7 38. Rxg4 Rxg4 39.
Rxh3+ Kg8 40. Be5 Rg2 41. d5 Re8 42. Rg3+ Rxg3+ 43. Bxg3 Kf7 44. Kd4 Rc8 45.
Be1 Ke7 46. Bb4+ Ke8 47. e5 b6 48. e6 a5 49. Bc3 Ke7 50. a3 Kd6 51. Be1 Rg8
52. Kxc4 Rg4+ 53. Kb5 Kxd5 54. Kxb6 Kxe6 55. Bxa5 Kd7 56. Bc3 Rg6+ 57. Kc5
Kc7 58. Kc4 Kc6 59. Kb3 Rg4 60. a4 Kb6 61. a5+ Ka6 62. Ka3 Rc4 63. Kb3 Rg4
64. Kc2 Ra4 65. b4 Kb5 66. Kb3 Rxb4+ 67. Bxb4 Ka6 68. Kc4 Ka7 69. Kb5 Kb7
70. Kc5 Ka6 71. Kc6 Ka7 72. Kc7 Ka6 73. Kb8 Kb5 74. Be1 Ka6 75. Ka8 Kb5 76.
Bd2 Ka6 77. Kb8 Kb5 78. Ka7 Kc6 79. a6 Kc7 80. Ka8 Kc8 81. a7 Kc7 82. Bf4+
Kc8 83. Be3 Kc7 84. Bc5 Kc8 85. Bb6 Kd7 86. Kb7 Kd6 87. a8=Q Kd7 88. Qd8+
Ke6 89. Bd4 Kf7 90. Qf6+ Ke8 91. Qe6+ Kf8 92. Qd7 Kg8 93. Qg7#
{Black checkmated}
1-0

[Event "ICC tourney 1944 (30 5)"]
[Site "Internet Chess Club"]
[Date "2020.08.01"]
[Round "3"]
[White "AbruptFir"]
[Black "ChunkyApple"]
[Result "0-1"]
[ICCResult "White resigns"]
[WhiteElo "1285"]
[BlackElo "1337"]
[Opening "QGD semi-Slav"]
[ECO "D43"]
[NIC "SL.03"]
[Time "15:07:26"]
[TimeControl "1800+5"]

1. d4 d5 2. c4 c6 3. Nc3 Nf6 4. Nf3 e6 5. Bg5 Bb4 6. a3 Bxc3+ 7. bxc3 Nbd7
8. Qc2 O-O 9. e3 h6 10. Bh4 Qc7 11. Bg3 Qd8 12. Bd3 Re8 13. O-O b6 14. cxd5
cxd5 15. Rac1 Bb7 16. Qb1 Qe7 17. Qb2 Nh5 18. c4 Nxg3 19. hxg3 Rac8 20. cxd5
Bxd5 21. Rxc8 Rxc8 22. Rb1 Bxf3 23. gxf3 e5 24. dxe5 Nxe5 25. Be4 Qf6 26.
Rc1 Rd8 27. Kg2 Nd3 28. Qxf6 gxf6 29. Rc8 Rxc8 30. Bxd3 Rc3 {White resigns}
0-1

[Event "ICC tourney 1944 (30 5)"]
[Site "Internet Chess Club"]
[Date "2020.08.01"]
[Round "3"]
[White "Luc2008"]
[Black "Vish1080"]
[Result "1-0"]
[ICCResult "Black checkmated"]
[WhiteElo "1651"]
[BlackElo "1552"]
[Opening "Réti opening"]
[ECO "A05"]
[NIC "QP.11"]
[Time "15:06:44"]
[TimeControl "1800+5"]

1. Nf3 Nf6 2. b3 d5 3. Bb2 g6 4. e3 Bg7 5. Be2 O-O 6. O-O Bg4 7. h3 Bxf3 8.
Bxf3 c6 9. c4 dxc4 10. bxc4 Nbd7 11. d4 Nb6 12. Qb3 e6 13. Nc3 a5 14. a4 Ra7
15. Ba3 Re8 16. Bc5 Ra6 17. Rfb1 Nfd7 18. Bd6 Nc8 19. Qxb7 Ra7 20. Qxc6 Ndb6
21. Bc5 Nxc4 22. Bxa7 Nd2 23. Bb6 Nxf3+ 24. gxf3 Qg5+ 25. Kf1 Rf8 26. Bc5
Ne7 27. Qd7 Bf6 28. Ne4 Qf5 29. Nxf6+ Kg7 30. Qxe7 Qxh3+ 31. Ke2 Rc8 32. Rh1
Qxh1 33. Rxh1 h5 34. Nxh5+ gxh5 35. Rg1+ Kh6 36. Qf6+ Kh7 37. Qg7#
{Black checkmated}
1-0

[Event "ICC tourney 1944 (30 5)"]
[Site "Internet Chess Club"]
[Date "2020.08.01"]
[Round "3"]
[White "stgummadi"]
[Black "Saragupta"]
[Result "1-0"]
[ICCResult "Black checkmated"]
[WhiteElo "1506"]
[BlackElo "1480"]
[Opening "Sicilian: dragon, Yugoslav attack, Rauser variation"]
[ECO "B76"]
[NIC "SI.17"]
[Time "15:06:46"]
[TimeControl "1800+5"]

1. e4 c5 2. Nf3 d6 3. d4 cxd4 4. Nxd4 Nf6 5. Nc3 g6 6. f3 Bg7 7. Be3 O-O 8.
Qd2 Nc6 9. O-O-O Nxd4 10. Bxd4 Be6 11. Be2 Qa5 12. Kb1 Rfc8 13. a3 Rab8 14.
Nb5 Qxd2 15. Rxd2 a6 16. Nc3 b5 17. f4 b4 18. axb4 Bc4 19. Bf3 Bh6 20. g3 e5
21. fxe5 Bxd2 22. exf6 Rxb4 23. Rd1 Bxc3 24. Bxc3 Rbb8 25. Rxd6 Bf1 26. Kc1
Rd8 27. Rc6 Rbc8 28. Rb6 Bb5 29. Be5 Rc6 30. Rb7 Bd3 31. c3 Re6 32. Bc7 Rde8
33. e5 h5 34. Bd5 Bb5 35. Bd6 Rc8 36. Bxe6 fxe6 37. f7+ Kh8 38. Be7 Kg7 39.
Bf6+ Kf8 40. Kd2 Bc6 41. Ra7 Bb5 42. Bg5 Kg7 43. Ke3 Rf8 44. Bf6+ Kh6 45.
Kd4 g5 46. Kc5 Kg6 47. Kd6 Rxf7 48. Rxf7 Kxf7 49. Bxg5 Bc4 50. h3 Be2 51. b3
Bd1 52. c4 Bxb3 53. c5 a5 54. c6 a4 55. Bc1 Bd5 56. c7 Bb7 57. Kd7 Ba6 58.
c8=Q Bxc8+ 59. Kxc8 Ke7 60. Kc7 Kf7 61. Kb6 Ke7 62. Ka5 Kf7 63. Kxa4 Kg6 64.
Bf4 Kf5 65. Kb5 Ke4 66. Kc6 Kf3 67. Kd6 h4 68. gxh4 Kxf4 69. Kxe6 Kg3 70.
Kf6 Kxh4 71. e6 Kxh3 72. e7 Kg4 73. e8=Q Kg3 74. Qe4 Kh3 75. Qg6 Kh4 76. Kf5
Kh3 77. Kf4 Kh2 78. Kf3 Kh1 79. Qg2# {Black checkmated} 1-0

[Event "ICC tourney 1944 (30 5)"]
[Site "Internet Chess Club"]
[Date "2020.08.01"]
[Round "3"]
[White "Mandyz"]
[Black "Threehundreds"]
[Result "1-0"]
[ICCResult "Black checkmated"]
[WhiteElo "1563"]
[BlackElo "1490"]
[Opening "Scotch game"]
[ECO "C45"]
[NIC "SO.05"]
[Time "15:06:44"]
[TimeControl "1800+5"]

1. e4 e5 2. Nf3 Nc6 3. d4 exd4 4. Nxd4 Bc5 5. Be3 Qf6 6. c3 Nge7 7. Bc4 O-O
8. O-O Qg6 9. Nd2 Nxd4 10. cxd4 Bb4 11. Re1 d6 12. a3 Ba5 13. Kh1 Nc6 14.
Qc2 Bb6 15. Nb3 Re8 16. Bd3 Qh5 17. f4 d5 18. e5 Ne7 19. Bf2 Bf5 20. Bxf5
Qxf5 21. Qd2 Qg6 22. Rg1 Nc6 23. Rae1 Re7 24. g4 Qe6 25. f5 Qd7 26. f6 gxf6
27. exf6 Rxe1 28. Qg5+ Kf8 29. Qg7+ Ke8 30. Qg8# {Black checkmated} 1-0

[Event "ICC tourney 1944 (30 5)"]
[Site "Internet Chess Club"]
[Date "2020.08.01"]
[Round "3"]
[White "Alejjandra"]
[Black "SunnyCountry"]
[Result "0-1"]
[ICCResult "White checkmated"]
[WhiteElo "1227"]
[BlackElo "1315"]
[Opening "English: Carls' Bremen system"]
[ECO "A22"]
[NIC "EO.10"]
[Time "15:06:46"]
[TimeControl "1800+5"]

1. c4 e5 2. Nc3 Nf6 3. g3 d6 4. Bh3 Bxh3 5. Nxh3 Qd7 6. Ng1 Nc6 7. Nf3 Be7
8. e4 a6 9. d3 O-O 10. h3 Rfe8 11. Be3 Na7 12. g4 b5 13. g5 Nh5 14. Nd5 g6
15. h4 Nc6 16. Nh2 bxc4 17. dxc4 Rab8 18. b3 Nd8 19. Ng4 c6 20. Ngf6+ Bxf6
21. Nxf6+ Nxf6 22. gxf6 Ne6 23. h5 c5 24. hxg6 fxg6 25. Qg4 Qf7 26. Qh4 Nd4
27. Bxd4 exd4 28. f3 Re6 29. Rh3 Rxf6 30. Qg4 Rf8 31. Ke2 Rf4 32. Qg2 d3+
33. Ke3 Qf6 34. Rb1 Qc3 35. Qd2 Qd4# {White checkmated} 0-1

[Event "ICC tourney 1944 (30 5)"]
[Site "Internet Chess Club"]
[Date "2020.08.01"]
[Round "3"]
[White "che2468"]
[Black "Mapking1"]
[Result "1/2-1/2"]
[ICCResult "Game drawn by repetition"]
[WhiteElo "1326"]
[BlackElo "1553"]
[Opening "Queen's pawn game"]
[ECO "D00"]
[NIC "QP.07"]
[Time "15:06:46"]
[TimeControl "1800+5"]

1. d4 Nf6 2. Nc3 d5 3. Bf4 g6 4. e3 Bg7 5. Be2 O-O 6. Nf3 c5 7. O-O Nc6 8.
dxc5 Qa5 9. Nb5 Nh5 10. Bc7 Qb4 11. Qxd5 Qxb2 12. Nfd4 Nxd4 13. Nxd4 Bxd4
14. exd4 Nf6 15. Qc4 Be6 16. Qa4 Bd7 17. Qc4 Be6 18. Qa4 Bd7 19. Qc4 Be6 20.
Qa4 {Game drawn by repetition} 1/2-1/2

[Event "ICC tourney 1944 (30 5)"]
[Site "Internet Chess Club"]
[Date "2020.08.01"]
[Round "3"]
[White "AkshatSuresh"]
[Black "Aqualime"]
[Result "0-1"]
[ICCResult "White checkmated"]
[WhiteElo "1485"]
[BlackElo "1411"]
[Opening "Ruy Lopez: Caro variation"]
[ECO "C70"]
[NIC "RL.09"]
[Time "15:06:46"]
[TimeControl "1800+5"]

1. e4 e5 2. Nf3 Nc6 3. Bb5 a6 4. Ba4 b5 5. Bb3 Nf6 6. d3 Na5 7. Nc3 Nxb3 8.
axb3 d6 9. O-O Be7 10. Ne2 O-O 11. Nc3 Bg4 12. h3 Bh5 13. Bg5 h6 14. Bxf6
Bxf6 15. Na2 a5 16. b4 a4 17. Nc3 c6 18. Re1 Qc7 19. Qe2 Rfe8 20. Qe3 Rad8
21. Ra2 Qb7 22. Raa1 d5 23. exd5 cxd5 24. Qc5 Bxf3 25. gxf3 d4 26. Qxb5 Qxf3
27. Ne4 Qxh3 28. Qxa4 Bh4 29. Nc5 Qg4+ 30. Kf1 Qf3 31. Ne4 f5 32. Qb3+ Kh8
33. c4 fxe4 34. Qc2 e3 35. Qe2 Qh1# {White checkmated} 0-1

[Event "ICC tourney 1944 (30 5)"]
[Site "Internet Chess Club"]
[Date "2020.08.01"]
[Round "3"]
[White "Queen4aKing"]
[Black "seaglass-chess"]
[Result "1-0"]
[ICCResult "Black resigns"]
[WhiteElo "1183"]
[BlackElo "1195"]
[Opening "French: advance, Milner-Barry gambit"]
[ECO "C02"]
[NIC "FR.03"]
[Time "15:06:46"]
[TimeControl "1800+5"]

1. e4 e6 2. d4 d5 3. e5 c5 4. c3 Nc6 5. Nf3 Qb6 6. Bd3 Bd7 7. Bc2 cxd4 8.
cxd4 Bb4+ 9. Bd2 Bxd2+ 10. Nbxd2 Qxb2 11. Rb1 Qc3 12. Rb3 Qa5 13. Rxb7 Qxa2
14. Ba4 Qa3 15. O-O Nh6 16. Qc2 Rc8 17. Nb1 Qe7 18. Rc1 O-O 19. Bxc6 Rfd8
20. Qd2 Qe8 21. Rxd7 Rxd7 22. Bxd7 Qxd7 23. h3 Nf5 24. Rxc8+ Qxc8 25. Qa5
Qb8 26. Nbd2 h6 27. Kh2 Kf8 28. Qc5+ Ke8 29. Qc6+ Kd8 30. g4 Ne7 31. Qd6+
Qxd6 32. exd6 Nc8 33. Ne5 Nxd6 34. Nb3 Kc7 35. Kg3 f6 36. Nd3 Nc4 37. Nbc5
e5 38. dxe5 fxe5 39. Ne6+ Kc6 40. Nb4+ Kd6 41. Nxg7 a5 42. Nc2 a4 43. Nf5+
Ke6 44. Nxh6 d4 45. Kf3 a3 46. Ke4 a2 47. Nf5 Na3 48. Na1 Nb1 49. h4 Nd2+
50. Kd3 Nf3 51. h5 Kd5 52. h6 e4+ 53. Ke2 d3+ 54. Kd1 Ng5 55. Kc1 Ke5 56.
Kb2 Kf4 57. Ne3 Kf3 58. Nb3 Kxf2 59. Nc4 e3 60. Kxa2 e2 61. Nc1 d2 62. Nxd2
Ke3 63. Nxe2 Kxe2 64. Ne4 Nf7 65. h7 Nh8 66. g5 Kf3 67. Nd6 Kf4 68. Nf7
{Black resigns}
1-0

[Event "ICC tourney 1944 (30 5)"]
[Site "Internet Chess Club"]
[Date "2020.08.01"]
[Round "3"]
[White "soggydollar"]
[Black "DrPatzenGambino"]
[Result "1-0"]
[ICCResult "Black resigns"]
[WhiteElo "1453"]
[BlackElo "1492"]
[Opening "Scandinavian defense"]
[ECO "B01"]
[NIC "SD.03"]
[Time "15:06:44"]
[TimeControl "1800+5"]

1. e4 d5 2. exd5 Nf6 3. Bc4 c6 4. dxc6 Nxc6 5. Nf3 Bg4 6. O-O Qc7 7. Nc3
O-O-O 8. d3 e6 9. Be3 a6 10. a4 Bd6 11. h3 h5 12. d4 e5 13. d5 e4 14. dxc6
Bh2+ 15. Nxh2 Bxd1 16. Rfxd1 Qxc6 17. Bxf7 Rxd1+ 18. Rxd1 Rf8 19. Bg6 h4 20.
Rd4 Kb8 21. Nf1 Qe6 22. Nd2 Ng4 23. Bxe4 Nxe3 24. fxe3 g5 25. Rb4 b5 26.
axb5 a5 27. Ra4 Qf6 28. Bf3 Qd8 29. Nc4 g4 30. Bxg4 Qf6 31. Bf3 Qg5 32. Ne4
Qxb5 33. Rxa5 Qxc4 34. Ra8+ {Black resigns} 1-0

[Event "ICC tourney 1944 (30 5)"]
[Site "Internet Chess Club"]
[Date "2020.08.01"]
[Round "3"]
[White "BunnyGambit"]
[Black "welmo"]
[Result "0-1"]
[ICCResult "White resigns"]
[WhiteElo "1134"]
[BlackElo "1306"]
[Opening "Queen's pawn game, Chigorin variation"]
[ECO "D02"]
[NIC "QP.08"]
[Time "15:06:44"]
[TimeControl "1800+5"]

1. d4 d5 2. Nf3 Nc6 3. g3 Nf6 4. Bg2 e6 5. O-O h6 6. c4 Be7 7. Nc3 O-O 8.
cxd5 exd5 9. Bd2 a6 10. Rc1 Be6 11. Ne5 Nb8 12. Qb3 Ra7 13. Qc2 c6 14. Na4
Nbd7 15. Nc5 Nxc5 16. dxc5 Nd7 17. Nxd7 Qxd7 18. Ba5 Bd8 19. Bb6 Bxb6 20.
cxb6 Raa8 21. Rfd1 Bf5 22. e4 Be6 23. exd5 cxd5 24. Qd2 Qb5 25. Rc7 Qxb6 26.
Rdc1 Rfe8 27. Qf4 Qxb2 28. R7c2 Qb6 29. Rc7 Rab8 30. Bh3 Rf8 31. Bxe6 Qxe6
32. Rb1 b5 33. Ra7 Ra8 34. Rxa8 Rxa8 35. Rd1 Rc8 36. Rc1 Rxc1+ 37. Qxc1 d4
38. Qd2 Qd5 39. h3 d3 40. h4 Qe4 41. Kh2 Qe2 42. Qxe2 dxe2 {White resigns}
0-1

[Event "ICC tourney 1944 (30 5)"]
[Site "Internet Chess Club"]
[Date "2020.08.01"]
[Round "3"]
[White "Reyvaj0075"]
[Black "JadeTooth"]
[Result "1-0"]
[ICCResult "Black resigns"]
[WhiteElo "1512"]
[BlackElo "1241"]
[Opening "Réti opening"]
[ECO "A04"]
[NIC "QP.11"]
[Time "15:06:42"]
[TimeControl "1800+5"]

1. Nf3 Nc6 2. c4 e5 3. d3 d6 4. Bd2 Be7 5. Nc3 Nf6 6. g3 h6 7. Bg2 Be6 8.
O-O O-O 9. a3 Qd7 10. e3 Bg4 11. Qc2 Bf5 12. e4 Bh7 13. b4 Nd8 14. Rfc1 Ne6
15. Nd5 Bd8 16. Be3 Ne8 17. Qd2 c6 18. Nc3 g5 19. Bh3 f5 20. exf5 Bxf5 21.
Bxf5 Rxf5 22. Kg2 d5 23. cxd5 cxd5 24. d4 e4 25. Ne5 Qd6 26. Qa2 N6c7 27.
Nxe4 Qe7 28. g4 Rxe5 29. dxe5 Qxe5 30. Ng3 Nf6 31. h3 Ne6 32. Re1 Ne4 33.
Nxe4 dxe4 34. Rac1 Bc7 35. Rxc7 Qxc7 36. Qxe6+ Kg7 37. Bd4+ Kh7 38. Rxe4 Rf8
39. Bf6 Rf7 40. Qf5+ Kg8 41. Qg6+ Kf8 42. Qxh6+ Rg7 43. Bxg7+ Qxg7 44. Qxg7+
{Black resigns}
1-0

[Event "ICC tourney 1944 (30 5)"]
[Site "Internet Chess Club"]
[Date "2020.08.01"]
[Round "3"]
[White "chessisfunsp"]
[Black "shrey16ultimate"]
[Result "1-0"]
[ICCResult "Black checkmated"]
[WhiteElo "1689"]
[BlackElo "1521"]
[Opening "Caro-Kann: classical variation"]
[ECO "B18"]
[NIC "CK.10"]
[Time "15:06:45"]
[TimeControl "1800+5"]

1. e4 c6 2. d4 d5 3. Nc3 dxe4 4. Nxe4 Bf5 5. Ng3 Bg6 6. Nf3 Nd7 7. Bc4 e6 8.
h4 h6 9. Qe2 Bd6 10. O-O Qc7 11. h5 Bh7 12. Re1 O-O-O 13. Ne5 Bxe5 14. dxe5
Ne7 15. a4 Nb6 16. Bb3 Nbd5 17. Bd2 c5 18. a5 Nc6 19. a6 b6 20. c3 Rhe8 21.
Bc4 Qd7 22. Ne4 Bxe4 23. Qxe4 Na5 24. Be2 f5 25. exf6 Nxf6 26. Qa8+ Kc7 27.
Qxa7+ Kc6 28. Bf3+ Nd5 29. Qxd7+ Rxd7 30. Rxa5 bxa5 31. c4 Ra8 32. Rxe6+ Kc7
33. Bxa5+ Kb8 34. Bxd5 Rxd5 35. cxd5 Ka7 36. d6 Kxa6 37. d7+ Kxa5 38. Re8
Rxe8 39. dxe8=Q g6 40. hxg6 h5 41. g7 h4 42. g8=Q h3 43. gxh3 c4 44. Qd5+
Kb4 45. Qb8+ Ka4 46. Qda8# {Black checkmated} 1-0

[Event "ICC tourney 1944 (30 5)"]
[Site "Internet Chess Club"]
[Date "2020.08.01"]
[Round "3"]
[White "Liopleuradon15"]
[Black "che8642"]
[Result "0-1"]
[ICCResult "White checkmated"]
[WhiteElo "1351"]
[BlackElo "1385"]
[Opening "QGD: Cambridge Springs defense"]
[ECO "D52"]
[NIC "QO.15"]
[Time "15:06:46"]
[TimeControl "1800+5"]

1. Nf3 d5 2. d4 Nf6 3. c4 c6 4. Nc3 e6 5. Bg5 Nbd7 6. e3 Qa5 7. Qc2 Bb4 8.
Bd3 Ne4 9. Bxe4 dxe4 10. Ne5 Nxe5 11. dxe5 Qxe5 12. Bf4 Qa5 13. O-O f5 14.
a3 Be7 15. b4 Qa6 16. b5 Qb6 17. a4 O-O 18. a5 Qd8 19. Rfd1 Qe8 20. Rd2 Qg6
21. Rad1 Bf6 22. Bc7 e5 23. Na4 f4 24. exf4 Bh3 25. f3 Bf5 26. fxe4 Bxe4 27.
Qa2 exf4 28. Bxf4 Bh4 29. Be3 Rae8 30. Nc3 Bf3 31. c5+ Kh8 32. Rd6 Rf6 33.
R1d2 Rxd6 34. cxd6 Rxe3 35. Qa1 Re6 36. d7 Rd6 37. Rxd6 Qxg2# {White
checkmated} 0-1

[Event "ICC tourney 1944 (30 5)"]
[Site "Internet Chess Club"]
[Date "2020.08.01"]
[Round "3"]
[White "ChemStud24"]
[Black "yogokings12"]
[Result "0-1"]
[ICCResult "White checkmated"]
[WhiteElo "1558"]
[BlackElo "1531"]
[Opening "Sicilian: dragon, Levenfish variation"]
[ECO "B71"]
[NIC "SI.15"]
[Time "15:06:41"]
[TimeControl "1800+5"]

1. e4 c5 2. Nf3 d6 3. d4 cxd4 4. Nxd4 Nf6 5. Nc3 g6 6. f4 Bg7 7. f5 Nc6 8.
Nxc6 bxc6 9. fxg6 hxg6 10. Bg5 Qb6 11. Qd2 Qxb2 12. Rb1 Nxe4 13. Rxb2 Bxc3
14. Qxc3 Nxc3 15. Bc4 Ne4 16. Be3 d5 17. Bd3 Nf6 18. Bd4 O-O 19. O-O Nd7 20.
Re1 e5 21. Bxe5 Nxe5 22. Rxe5 Kg7 23. Re7 Kf6 24. Rc7 Be6 25. Rxc6 Rfb8 26.
Rb3 Rxb3 27. axb3 a5 28. Kf2 a4 29. bxa4 Rxa4 30. Ke3 Ke5 31. Rc5 Ra3 32. g3
Kd6 33. Rb5 Ke5 34. Rb3 Rxb3 35. cxb3 d4+ 36. Kd2 Bxb3 37. h4 Bd5 38. Ke2
Be4 39. Bc4 f6 40. Bf7 Bf5 41. h5 Bg4+ 42. Kd3 gxh5 43. Be8 Bf5+ 44. Kd2 Bg4
45. Kd3 Bf3 46. Bd7 Be4+ 47. Kd2 Bg6 48. Bc8 f5 49. Bd7 f4 50. gxf4+ Kxf4
51. Bh3 Kg3 52. Bd7 h4 53. Be6 Be4 54. Bd7 h3 55. Bxh3 Kxh3 56. Kd1 Kg3 57.
Kd2 Kf3 58. Ke1 Ke3 59. Kd1 Bf3+ 60. Ke1 d3 61. Kf1 d2 62. Kg1 d1=Q+ 63. Kh2
Qh1+ 64. Kg3 Qg2+ 65. Kh4 Qg4# {White checkmated} 0-1

[Event "ICC tourney 1944 (30 5)"]
[Site "Internet Chess Club"]
[Date "2020.08.01"]
[Round "3"]
[White "RachanaB"]
[Black "BobbyFissure"]
[Result "0-1"]
[ICCResult "White resigns"]
[WhiteElo "1317"]
[BlackElo "1448"]
[Opening "Alekhine's defense"]
[ECO "B07"]
[NIC "AL.10"]
[Time "15:06:46"]
[TimeControl "1800+5"]

1. e4 Nf6 2. Nc3 d6 3. d4 Nbd7 4. Bg5 e5 5. Nf3 Be7 6. Be2 O-O 7. Qd2 exd4
8. Nxd4 c6 9. f4 Nc5 10. Bf3 Qb6 11. O-O-O h6 12. Bh4 Nfxe4 13. Nxe4 Nxe4
14. Bxe4 Bxh4 15. Nf3 Bf6 16. c3 d5 17. Bb1 Re8 18. Qc2 Qe3+ 19. Nd2 g6 20.
Qd3 Qxd3 21. Bxd3 Bg4 22. Rde1 Kf8 23. h3 Bd7 24. g4 Bh4 25. Ref1 Re3 26.
Bc2 Rae8 27. Nf3 Bf6 28. g5 Bg7 29. gxh6 Bxh6 30. Ng5 Kg7 31. Nf3 Bxf4 32.
Kb1 Bh6 33. h4 Bg4 34. Ng5 f6 35. Nf3 Rxf3 36. Rfg1 Bf5 37. Bxf5 Rxf5 38. a3
Rf2 39. Rg4 Ree2 40. Rb4 b5 41. Ka1 a5 42. Rb3 a4 43. Rb4 Bd2 44. Rg1 Re1+
45. Rxe1 Bxe1 46. Rd4 f5 47. Rd1 Re2 48. Rd4 Re4 49. Rd1 Bxh4 {White
resigns} 0-1

[Event "ICC tourney 1944 (30 5)"]
[Site "Internet Chess Club"]
[Date "2020.08.01"]
[Round "3"]
[White "wulovechess"]
[Black "QueenHM"]
[Result "1-0"]
[ICCResult "Black resigns"]
[WhiteElo "1526"]
[BlackElo "1323"]
[Opening "Pirc: Holmov system"]
[ECO "B07"]
[NIC "PU.07"]
[Time "15:06:43"]
[TimeControl "1800+5"]

1. e4 d6 2. d4 Nf6 3. Nc3 g6 4. Bc4 Bg7 5. Nf3 O-O 6. O-O Nxe4 7. Nxe4 d5 8.
Bxd5 Qxd5 9. Nc3 Qd8 10. Bf4 Nc6 11. Re1 Nxd4 12. Nxd4 Bxd4 13. Nb5 Bb6 14.
Qxd8 Rxd8 15. Rxe7 Bd7 16. Nxc7 Rac8 17. Nd5 Rxc2 18. Nf6+ Kg7 19. Nxd7
Bxf2+ 20. Kf1 Bh4 21. Be5+ Kh6 22. Bf4+ Kg7 23. Be5+ Kg8 24. Nf6+ Kf8 25.
Rxb7 Rf2+ 26. Kg1 Rf5 27. Nd7+ Kg8 28. Bc3 a5 29. Rd1 h5 30. a3 a4 31. b4
axb3 32. a4 Rc8 33. Rxb3 Re8 34. h3 Bf2+ 35. Kh2 Bh4 36. a5 Bd8 37. a6 Bc7+
38. Kg1 Ra8 39. Ra3 h4 40. a7 Kh7 41. Bd4 Ra5 42. Rxa5 Bxa5 43. Rb1 Bc7 44.
Nf6+ Kh6 45. Rb7 Bf4 46. Rxf7 Rc8 47. Ng4+ Kg5 48. Bf6+ Kf5 49. Be5+ Ke6 50.
Rf6+ Kd5 51. Rxf4 Ra8 52. Bb8 Kc6 53. Rf6+ Kd7 54. Rxg6 Ke7 55. Rg7+ Kf8 56.
Rh7 Kg8 57. Rxh4 Kg7 58. Ne3 Kg6 59. g4 Kg5 60. Rh5+ Kg6 61. Rf5 Kg7 62. Nd5
Kg6 63. Rf6+ Kg5 64. Kf2 {Black resigns} 1-0